 Dungeon Crawl Stone Soup version 0.20.1-1-g8b1a95d (webtiles) character file.

128 zezblit the Ducker (level 4, 0/51 HPs)
             Began as a Demonspawn Gladiator on Oct 25, 2017.
             Slain by an ooze (1 damage)
             ... on level 2 of the Dungeon.
             The game lasted 00:08:10 (1857 turns).

zezblit the Ducker (Demonspawn Gladiator)           Turns: 1857, Time: 00:08:11

Health: 0/51       AC: 14    Str: 15    XL:     4   Next: 87%
Magic:  4/4        EV:  2    Int:  9    God:
Gold:   102        SH:  0    Dex: 15    Spells: 3/3 levels left

rFire    . . .     SeeInvis .   a - +0 war axe
rCold    . . .     Gourm    .   (no shield)
rNeg     + + +     Faith    .   (armour currently unavailable)
rPois    +         Spirit   .   (helmet currently unavailable)
rElec    .         Reflect  .   (cloak currently unavailable)
rCorr    .         Harm     .   (gloves currently unavailable)
MR       .....     NoTele   +   (boots currently unavailable)
Stlth    +.........             (no amulet)
Regen    0.2/turn               (no ring)
MPRegen  0.1/turn               (no ring)

@: tree-form, corroded
A: rot immunity
a: no special abilities


You were on level 2 of the Dungeon.
You were not hungry.
You were a tree.
You visited 1 branch of the dungeon, and saw 3 of its levels.

You collected 102 gold pieces.

Inventory:

Hand Weapons
 a - a +0 war axe (weapon)
Missiles
 d - 3 throwing nets (quivered)
Armour
 b - a +0 leather armour
 c - a +1 helmet (melded)
 i - a +0 ring mail (melded)
Scrolls
 h - 4 scrolls of remove curse {unknown}
 m - a scroll of enchant armour
 o - a scroll of identify
Potions
 e - 2 potions of might {unknown}
 j - a potion of lignification
 n - a potion of heal wounds {unknown}
Comestibles
 f - 2 bread rations
 g - a meat ration
 k - 4 chunks of flesh
 l - a royal jelly


   Skills:
 + Level 2.7 Fighting
 + Level 3.4 Axes
 + Level 2.8 Throwing
 + Level 3.6 Dodging


You had 3 spell levels left.
You didn't know any spells.

Dungeon Overview and Level Annotations

Branches:
Dungeon (3/15)

Altars:


Innate Abilities, Weirdness & Mutations

((You are partially covered in molten scales. (AC +2)))
You are immune to rotting.


Message History

* * * LOW HITPOINT WARNING * * *
The ooze hits you.
* * * LOW HITPOINT WARNING * * *
The ooze hits you.
* * * LOW HITPOINT WARNING * * *
The jelly barely misses you. The ooze hits you.
* * * LOW HITPOINT WARNING * * *
You turn into a tree.
Your +1 helmet melds into your body.
Your +0 ring mail melds into your body.
Your roots penetrate the ground.
The ooze hits you but does no damage. x2; The jelly barely misses you.
The ooze hits you but does no damage.
You barely miss the ooze. You hit the ooze but do no damage.
You hit the jelly but do no damage.
Your branches burn!
* * * LOW HITPOINT WARNING * * *
You hit the ooze.
The fungus is no longer covered in acid.
The ooze hits you but does no damage. x2
The jelly hits you but does no damage. The ooze hits you but does no damage.
The ooze hits you.
You die...

#(# #######.##.....$#
..####....#.#.#...PP.#
..(##(....#.#.#....÷.#
..('......#'#)#......#
(..'........#.#..÷...#
...'........#.#P.P.P.#
...##.......#.#.J....#
...###......##'JJJP.P#
#..# ##########J♣.÷..#
#..# ######## ##.#
####### .......
#######


You could see a jelly and 4 oozes.

Vanquished Creatures
  A jelly (D:2)
  4 gnolls
  5 oozes (D:2)
  A dart slug (D:1)
  2 leopard geckos (D:1)
  2 giant cockroaches
  2 goblins (D:2)
  4 hobgoblins
  7 kobolds
  A ball python (D:1)
  4 bats
  5 frilled lizards (D:1)
  7 rats
45 creatures vanquished.

Vanquished Creatures (others)
  A fungus (D:2)
  10 toadstools (D:2)
11 creatures vanquished.

Grand Total: 56 creatures vanquished

Notes
Turn   | Place    | Note
-------+----------+-------------------------------------------
     0 | D:1      | zezblit the Demonspawn Gladiator began the quest for the Orb.
     0 | D:1      | Reached XP level 1. HP: 16/16 MP: 1/1
   277 | D:1      | Gained mutation: You are immune to rotting. [demonic ancestry]
   277 | D:1      | Reached XP level 2. HP: 21/22 MP: 2/2
   748 | D:2      | Gained mutation: You are partially covered in molten scales. (AC +2) [demonic ancestry]
   748 | D:2      | Reached XP level 3. HP: 14/27 MP: 3/3
  1628 | D:2      | Reached XP level 4. HP: 34/34 MP: 4/4
  1857 | D:2      | HP: 1/51 [acid (2)]
  1857 | D:2      | Slain by an ooze

Skill      XL: |  1  2 |
---------------+-------+-----
Throwing       | 2 |  2.8
Axes           | 3 |  3.4
Dodging        | 3 |  3.6
Fighting       | |  2.7

Action                   |  1- 3 |  4- 6 || total
-------------------------+-------+-------++-------
Melee: War axe           |   100 |    38 ||   138
  Use: Scroll            |     4 |       ||     4
       Potion            |       |     1 ||     1
  Eat: Chunk             |     2 |     1 ||     3
Armor: Leather armour    |    14 |       ||    14
       Ring mail         |    33 |    16 ||    49
       Skin              |       |     7 ||     7
Dodge: Dodged            |    76 |    35 ||   111
